 Dungeon Crawl Stone Soup version 0.25-a0-589-g1e14c54 (webtiles) character file.

Game seed: 5083018047714918293, levelgen mode: deterministic

110 relicbr the Chopper (level 4, -16/39 HPs)
             Began as a Hill Orc Monk on Mar 9, 2020.
             Demolished by an ogre
             ... wielding a +0 giant club
              (18 damage)
             ... on level 3 of the Dungeon.
             The game lasted 00:04:11 (2002 turns).

relicbr the Chopper (Hill Orc Monk)                 Turns: 2002, Time: 00:04:11

Health: -16/39     AC:  5    Str: 13    XL:     4   Next: 91%
Magic:  4/4        EV: 11    Int: 11    God:
Gold:   129        SH:  0    Dex: 13    Spells: 3/3 levels left

rFire    . . .     SeeInvis .   a - +0 hand axe
rCold    . . .     Gourm    .   (no shield)
rNeg     . . .     Faith    .   g - +0 ring mail
rPois    .         Spirit   .   (no helmet)
rElec    .         Reflect  .   (no cloak)
rCorr    .         Harm     .   (no gloves)
MR       .....                  (no boots)
Stlth    +.........             (no amulet)
HPRegen  0.13/turn              (no ring)
MPRegen  0.09/turn              (no ring)

@: no status effects
A: no striking features
a: no special abilities


You were on level 3 of the Dungeon.
You were hungry.

You visited 1 branch of the dungeon, and saw 3 of its levels.

You collected 129 gold pieces.

Inventory:

Hand Weapons
 a - a +0 hand axe (weapon)
 o - a +1 whip of distortion
Missiles
 b - a boomerang (quivered)
Armour
 g - a +0 ring mail (worn)
Jewellery
 j - an uncursed ring of fire
Wands
 l - a wand of disintegration (14)
Scrolls
 d - 3 scrolls of identify {unknown}
 e - 2 scrolls of magic mapping {unknown}
 f - 2 scrolls of remove curse {unknown}
 h - 2 scrolls of amnesia {unknown}
 m - a scroll of teleportation {unknown}
Potions
 i - 2 potions of lignification {unknown}
 k - 2 potions of stabbing {unknown}
Comestibles
 c - 6 rations


   Skills:
 - Level 3.6 Fighting
 * Level 7.2 Axes
 - Level 2.4 Dodging
 - Level 1.5 Stealth


You had 3 spell levels left.
You didn't know any spells.
Your spell library was empty.

Dungeon Overview and Level Annotations

Branches:
Dungeon (3/15)

Altars:
Ashenzari
Fedhas
Nemelex Xobeh
Qazlal


Message History

The ogre barely misses you.
You hit the ogre.
The ogre is heavily wounded.
You barely miss the ogre.
The ogre is heavily wounded.
The ogre barely misses you.
You hit the ogre but do no damage.
The ogre is heavily wounded.
The ogre hits you with a +0 giant club!
You slash the ogre!
The ogre is severely wounded.
You hit the ogre.
The ogre is almost dead.
The ogre hits you with a +0 giant club!!
Ouch! That really hurt!
* * * LOW HITPOINT WARNING * * *
You hit the ogre.
The ogre is almost dead.
The ogre hits you with a +0 giant club!!
You die...

###...# ###.'####.##
####....#.#....####
#..(...##.##......#
#......#)..#......##########
##.....##...##..........<...#
#......#.....#......#######.#
#......#.....#..O...# #.#
#.##.#..........@# #.#
#.##.##.######...# #>#
)................###### #.#
#.##.##.######........### #.#
#.##.##.######..###.....# #.#
................###.....###.#
........#######.............#
..##.######## #####.....#####
............# #.....#


You could see an ogre.

Vanquished Creatures
  4 gnolls (D:3)
  An adder (D:3)
  An ooze (D:1)
  A worm (D:2)
  2 dart slugs
  2 leopard geckos
  A ball python (D:1)
  4 bats
  2 giant cockroaches (D:1)
  6 goblins
  7 hobgoblins
  7 jackals
  5 frilled lizards
  7 kobolds
  2 rats (D:1)
52 creatures vanquished.

Notes
Turn   | Place    | Note
-------+----------+-------------------------------------------
     0 | D:1      | relicbr the Hill Orc Monk began the quest for the Orb.
     0 | D:1      | Reached XP level 1. HP: 19/19 MP: 1/1
   165 | D:1      | Reached XP level 2. HP: 24/26 MP: 2/2
   211 | D:1      | Reached skill level 5 in Axes
   382 | D:1      | Reached XP level 3. HP: 31/31 MP: 3/3
   791 | D:2      | Reached skill level 6 in Axes
  1368 | D:2      | Found a stormy altar of Qazlal.
  1371 | D:2      | Found a blossoming altar of Fedhas.
  1374 | D:2      | Found a sparkling altar of Nemelex Xobeh.
  1450 | D:2      | Reached XP level 4. HP: 32/39 MP: 4/4
  1723 | D:3      | Reached skill level 7 in Axes
  1961 | D:3      | Found a shattered altar of Ashenzari.
  1987 | D:3      | Noticed an ogre
  2002 | D:3      | Demolished by an ogre

Levels and vault maps discovered:
D:1:      scummos_arrival_hexagon, layout_basic, minmay_cut_off
D:2:      layout_rooms, grunt_temple_overflow_diamond, first_ration
D:3:      layout_loops_ring, nicolae_ashenzari_panopticon,
          lemuel_zombie_altar_yredelemnul

Skill      XL: |  1  2  3  4 |
---------------+-------------+-----
Axes           | 5 6 7 |  7.2
Fighting       | |  3.6
Dodging        | |  2.4
Stealth        | |  1.5

Action                   |  1- 3 |  4- 6 || total
-------------------------+-------+-------++-------
Melee: Hand axe          |   160 |    54 ||   214
Throw: Boomerang         |     2 |     6 ||     8
       Throwing net      |       |     2 ||     2
 Stab: Held in net/web   |       |     2 ||     2
  Eat: Chunk             |     2 |     1 ||     3
Armor: Robe              |    17 |       ||    17
       Ring mail         |    34 |    10 ||    44
Dodge: Dodged            |   114 |    18 ||   132

Table legend:
 A = Non-vault XP
 B = Vault XP
 C = Vault XP percentage of total XP
 D = Non-vault monster count
 E = Vault monster count
 F = Vault count percentage of total count
                 A         B        C        D         E       F
            +---------+---------+-------+---------+---------+-------
      Total |     156 |       2 |   1.3 |      50 |       2 |   3.8
            +---------+---------+-------+---------+---------+-------
        D:1 |      54 |       2 |   3.6 |      29 |       2 |   6.5
        D:2 |      30 |       0 |   0.0 |      14 |       0 |   0.0
        D:3 |      72 |       0 |   0.0 |       7 |       0 |   0.0
            +---------+---------+-------+---------+---------+-------
